 Dungeon Crawl Stone Soup version 0.22-a0-824-g1ca9aab89c (console) character file.

1096 Lexodia the Spear-Bearer (level 8, -8/58 HPs)
             Began as a Merfolk Chaos Knight on July 24, 2018.
             Mangled by an orc warrior
             ... wielding a +0 battleaxe
              (13 damage)
             ... on level 6 of the Dungeon.
             The game lasted 00:15:23 (4618 turns).

Lexodia the Spear-Bearer (Merfolk Chaos Knight)     Turns: 4618, Time: 00:15:24

Health: -8/58      AC: 13    Str: 16    XL:     8   Next: 31%
Magic:  17/17      EV: 19    Int: 11    God:    Xom [...*..]
Gold:   215        SH:  5    Dex: 19    Spells: 7/7 levels left

rFire    . . .     SeeInvis .   e - +2 spear (pierce)
rCold    . . .     Gourm    .   n - +0 buckler
rNeg     + . .     Faith    .   x - +3 ring mail "Lihis" {rN+ Str+2}
rPois    +         Spirit   .   r - +0 helmet
rElec    .         Reflect  .   g - +2 cloak {rPois}
rCorr    .         Harm     .   m - +0 pair of gloves
MR       .....                  (no boots)
Stlth    ++++......             (no amulet)
HPRegen  0.19/turn              d - ring of magical power
MPRegen  0.15/turn              (no ring)

@: agile
A: change form in water, swift swim, stealthy swim
a: Renounce Religion


You were on level 6 of the Dungeon.
You worshipped Xom.
You were a favourite toy of Xom.
You were hungry.

You visited 1 branch of the dungeon, and saw 6 of its levels.

You collected 215 gold pieces.

Inventory:

Hand Weapons
 a - a +0 spear of chaos
 e - a +2 spear of piercing (weapon)
Armour
 b - a +3 leather armour
 g - a +2 cloak of poison resistance (worn)
 m - a +0 pair of gloves (worn)
 n - a +0 buckler (worn)
 r - a +0 helmet (worn)
 x - the +3 ring mail "Lihis" (worn) {rN+ Str+2}
   (You found it on level 5 of the Dungeon)

   It affects your strength (+2).
   It protects you from negative energy.
Magical Staves
 v - an uncursed staff of energy
Jewellery
 d - a ring of magical power (left hand)
Wands
 s - a wand of random effects (18)
Scrolls
 f - a scroll of enchant armour
 h - 2 scrolls of remove curse
 k - 3 scrolls of teleportation
 l - 3 scrolls of identify
 p - a scroll of random uselessness {unknown}
 q - 2 scrolls of magic mapping
 t - 2 scrolls of immolation {unknown}
Potions
 o - a potion of cancellation
Comestibles
 c - 10 rations


   Skills:
 - Level 3.2 Fighting
 * Level 9.2 Polearms
 - Level 1.0 Armour
 + Level 5.7 Dodging
 * Level 6.5 Stealth
 + Level 2.9 Shields


You had 7 spell levels left.
You didn't know any spells.
Your spell library was empty.

Dungeon Overview and Level Annotations

Branches:
Dungeon (6/15)             Temple (0/1) D:5

Altars:
Cheibriados
Fedhas
Makhleb
Okawaru
Sif Muna
Trog
Xom
Zin
The Shining One


Message History

You hit something but do no damage. Something hits you.
* * * LOW HITPOINT WARNING * * *
Huge Dmg: -7%(-4hp) hp: 14%(8hp)
You hit something. You closely miss something.
Something hits you but does no damage.
You barely miss something. You barely miss something.
Something closely misses you.
You hit something but do no damage. You barely miss something.
Something completely misses you.
You hit something but do no damage. You completely miss something.
Something hits you.
* * * LOW HITPOINT WARNING * * *
Huge Dmg: -7%(-4hp) hp: 9%(5hp)
You hit something but do no damage.
Okay, then.
Evoke which item? (* to show all) (? for menu, Esc to quit)
Aiming: Random Effects
Press: ? - help, Shift-Dir - straight line Nothing appears to happen.
Something hits you!
You die...

.. # .# .# #.
##.# #.####...#
#........#
###.......##
#####.......oo.#
..........###...#
..........@## ..#
...........{##
..#
..####.#..).#####
...
#..####...####
.... #.##
###....#
.....##.# #...##
........## #....#
..........##
#.##.##
............##.#
.#


There were no monsters in sight!

Vanquished Creatures
  The ghost of Askman the Cudgeler, a novice GrMo of Ashenzari (D:5)
  An orc warrior (D:4)
  An ogre (D:5)
  A centaur (D:5)
  A crimson imp (D:5)
  3 hounds
  2 orc wizards
  A centaur skeleton (D:4)
  3 orc priests (D:4)
  Crazy Yiuf (D:2)
  Natasha (thrice) (D:2)
  A worker ant (D:5)
  A gnoll (D:1)
  5 adders
  A shadow imp (D:5)
  An adder skeleton (D:6)
  A worm (D:4)
  4 dart slugs
  4 leopard geckos
  7 orcs
  4 ball pythons
  A bat (D:2)
  3 giant cockroaches
  5 goblins
  3 hobgoblins (D:1)
  6 jackals
  A quokka (D:3)
  3 frilled lizards
  5 kobolds
  3 rats
  A fungus (D:2)
78 creatures vanquished.

Vanquished Creatures (collateral kills)
  A crimson imp (D:5)
1 creature vanquished.

Grand Total: 79 creatures vanquished

Notes
Turn   | Place    | Note
-------+----------+-------------------------------------------
     0 | D:1      | Lexodia the Merfolk Chaos Knight began the quest for the Orb.
     0 | D:1      | Reached XP level 1. HP: 18/18 MP: 1/1
    71 | D:1      | Huge Dmg: 4 dmg
    71 | D:1      | XOM: smoke on damage
    72 | D:1      | Huge Dmg: 10 dmg
    72 | D:1      | XOM: potion effect (curing)
    73 | D:1      | XOM: potion effect (berserk rage)
    82 | D:1      | Reached skill level 1 in Stealth
    82 | D:1      | Reached XP level 2. HP: 19/24 MP: 2/2
    84 | D:1      | Huge Dmg: 6 dmg
   163 | D:1      | XOM: silly message
   524 | D:1      | XOM: silly message
   602 | D:1      | Reached skill level 1 in Armour
   770 | D:1      | XOM: mild Necr miscast
   794 | D:1      | Reached skill level 5 in Polearms
   794 | D:1      | Reached XP level 3. HP: 29/29 MP: 3/3
   981 | D:1      | XOM is BORED!
   981 | D:1      | XOM: noise
   982 | D:1      | Huge Dmg: 14 dmg
  1084 | D:1      | XOM: noise
  1437 | D:2      | Noticed Natasha
  1451 | D:2      | Killed Natasha
  1451 | D:2      | Reached XP level 4. HP: 30/35 MP: 4/4
  1517 | D:2      | XOM: noise
  1625 | D:2      | Noticed Natasha
  1937 | D:2      | Found a runed door.
  1941 | D:2      | Noticed Crazy Yiuf
  1948 | D:2      | Huge Dmg: 7 dmg
  1951 | D:2      | Huge Dmg: 6 dmg
  1953 | D:2      | Huge Dmg: 8 dmg
  1957 | D:2      | Killed Crazy Yiuf
  1957 | D:2      | Reached skill level 6 in Polearms
  1957 | D:2      | Reached XP level 5. HP: 11/41 MP: 5/5
  1993 | D:2      | Huge Dmg: 2 dmg
  2105 | D:2      | XOM: harmless Erth miscast
  2350 | D:3      | XOM: god gift: buckler {god gift}
  2546 | D:3      | XOM: stat loss: -1 Int (10/11)
  2828 | D:2      | Killed Natasha
  2884 | D:2      | Noticed Natasha
  2892 | D:2      | Killed Natasha
  2892 | D:2      | Reached XP level 6. HP: 43/47 MP: 6/6
  2923 | D:2      | You fall through a shaft!
  2928 | D:3      | XOM: harmless Hex miscast
  2946 | D:4      | XOM: potion effect (haste)
  2955 | D:4      | Reached skill level 7 in Polearms
  2955 | D:4      | Reached skill level 1 in Shields
  2977 | D:4      | Huge Dmg: 11 dmg
  2999 | D:4      | Noticed an orc warrior
  3009 | D:4      | Huge Dmg: 9 dmg
  3025 | D:4      | XOM: cast spell 'Cause Fear'
  3027 | D:4      | Huge Dmg: 14 dmg
  3028 | D:4      | Killed an orc warrior
  3028 | D:4      | Reached XP level 7. HP: 14/52 MP: 7/7
  3392 | D:4      | Reached skill level 5 in Stealth
  3657 | D:4      | XOM: mild Hex miscast
  3773 | D:5      | Entered Level 5 of the Dungeon
  3777 | D:5      | Found a staircase to the Ecumenical Temple.
  3891 | D:5      | Found a glowing golden altar of the Shining One.
  3934 | D:5      | XOM: scenery: create altars
  3974 | D:5      | Found a runed door.
  3978 | D:5      | Noticed Askman's ghost (novice GrMo)
  4031 | D:5      | Found a deep blue altar of Sif Muna.
  4119 | D:5      | XOM: chaos upgrade
  4128 | D:5      | XOM: blink monster(s)
  4135 | D:5      | XOM: enchant monster (good)
  4137 | D:5      | XOM: summons 3 friendly demons
  4143 | D:5      | Reached skill level 8 in Polearms
  4143 | D:5      | Reached skill level 5 in Dodging
  4162 | D:5      | Found an iron altar of Okawaru.
  4165 | D:5      | Found a blossoming altar of Fedhas.
  4172 | D:5      | Found a snail-covered altar of Cheibriados.
  4175 | D:5      | Found a shimmering altar of Xom.
  4348 | D:5      | Found a bloodstained altar of Trog.
  4350 | D:5      | Found a basalt altar of Yredelemnul.
  4350 | D:5      | Found a burning altar of Makhleb.
  4354 | D:5      | Found a glowing silver altar of Zin.
  4354 | D:5      | Found a shimmering altar of Xom.
  4354 | D:5      | Found a shimmering altar of Xom.
  4390 | D:5      | Got a twisted ring mail
  4401 | D:5      | Identified the +3 ring mail "Lihis" {rN+ Str+2} (You found it on level 5 of the Dungeon)
  4432 | D:5      | XOM: confuse monster(s)
  4441 | D:5      | XOM: fog
  4455 | D:5      | Killed Askman's ghost
  4455 | D:5      | Reached skill level 9 in Polearms
  4455 | D:5      | Reached XP level 8. HP: 58/58 MP: 8/8
  4575 | D:6      | Huge Dmg: 16 dmg
  4591 | D:6      | Huge Dmg: 16 dmg
  4599 | D:6      | Huge Dmg: 17 dmg
  4601 | D:6      | Huge Dmg: 3 dmg
  4604 | D:6      | Huge Dmg: 6 dmg
  4609 | D:6      | Huge Dmg: 4 dmg
  4617 | D:6      | Huge Dmg: 4 dmg
  4618 | D:6      | Mangled by an orc warrior

Vault maps used:
D:1:      minmay_arrival_three_doors
D:2:      uniq_natasha, uniq_crazy_yiuf_cottage
D:4:      first_ration
D:5:      grunt_temple_overflow_cloverleaf, lemuel_blue_sif_altar,
          lemuel_crystal_altar, minmay_temple_entry_overgrown,
          ebering_ghost_reflecting_pool, doesnt_xom_only_xom
D:6:      serial_shops, kennysheep_mini, st_stairs_14,
          kennysheep_cluttered_room, uniq_prince_ribbit1

Skill      XL: |  1  2  3  4  5  6  7 |
---------------+----------------------+-----
Stealth        | 1 2 3 4 6 |  6.5
Dodging        | 3 4 5 |  5.7
Armour         | 1 |  1.0
Polearms       | 5 6 7 9 |  9.2
Shields        | 1 2 |  2.9
Fighting       | |  3.2

Action                   |  1- 3 |  4- 6 |  7- 9 || total
-------------------------+-------+-------+-------++-------
Melee: Spear             |    54 |   133 |   161 ||   348
       Tailslap          |       |       |     3 ||     3
Evoke: Wand              |       |       |     6 ||     6
  Use: Scroll            |     4 |     2 |       ||     6
       Potion            |     2 |     4 |     3 ||     9
 Stab: Distracted        |     2 |       |       ||     2
       Sleeping          |       |     6 |     5 ||    11
       Invisible         |       |       |     5 ||     5
       Confused          |       |       |     1 ||     1
  Eat: Chunk             |     2 |     5 |     4 ||    11
Armor: Leather armour    |     3 |     8 |    15 ||    26
       Robe              |     3 |     5 |       ||     8
       Skin              |       |     2 |       ||     2
       Ring mail         |       |       |     5 ||     5
Dodge: Dodged            |    25 |    39 |    46 ||   110
Block: Buckler           |       |     2 |    12 ||    14

Table legend:
 A = Spawn XP
 B = Non-spawn XP
 C = Spawn XP percentage of total XP
 D = Spawn monster count
 E = Non-spawn monster count
 F = Spawn count percentage of total count
 G = Total turns spent on level
                    A         B        C        D         E        F      G
               +---------+---------+-------+---------+---------+-------+---------
         Total |       0 |    1567 |   0.0 |       0 |      78 |   0.0 |  4618
               +---------+---------+-------+---------+---------+-------+---------
           D:1 |       0 |      35 |   0.0 |       0 |      10 |   0.0 |  1156
           D:2 |       0 |     235 |   0.0 |       0 |      22 |   0.0 |  1144
           D:3 |       0 |      57 |   0.0 |       0 |      11 |   0.0 |   635
           D:4 |       0 |     452 |   0.0 |       0 |      18 |   0.0 |   838
           D:5 |       0 |     738 |   0.0 |       0 |      14 |   0.0 |   725
           D:6 |       0 |      50 |   0.0 |       0 |       3 |   0.0 |   120
               +---------+---------+-------+---------+---------+-------+---------
